 Dungeon Crawl Stone Soup version 0.29.0-13-gc9e81de378 (webtiles) character file.

Game seed: 9083763715961222641

311 gdog the Caller (level 6, -6/44 HPs)
             Began as a Gnoll Summoner on Sept 10, 2022.
             Mangled by a wight
             ... wielding a +0 great sword
              (15 damage)
             ... on level 4 of the Dungeon.
             The game lasted 00:53:42 (4041 turns).

gdog the Caller (Gnoll Summoner)                    Turns: 4041, Time: 00:53:43

Health: -6/44      AC:  5    Str:  7    XL:     6   Next: 42%
Magic:  0/14       EV: 13    Int: 17    God:
Gold:   211        SH:  0    Dex: 12    Spells: 6/15 levels left

rFire   . . .      SeeInvis .   f - +1 dagger (venom)
rCold   . . .      Faith    .   (no shield)
rNeg    . . .      Spirit   .   a - +0 robe
rPois   .          Reflect  .   u - +0 helmet
rElec   .          Harm     .   (no cloak)
rCorr   .          Rampage  .   (no gloves)
Will    .....                   v - +1 pair of boots
Stlth   +++.......              (no amulet)
HPRegen 0.14/turn               s - ring of flight
MPRegen 0.14/turn               (no ring)

@: flying
A: fangs 1, strong nose, distributed training
a: no special abilities


You were on level 4 of the Dungeon.
You visited 2 branches of the dungeon, and saw 5 of its levels.

You collected 211 gold pieces.

Inventory:

Hand Weapons
 c - a +0 dagger
 e - a +0 short sword
 f - a +1 dagger of venom (weapon)
 g - a +0 trident
 j - a +0 war axe
 r - a +1 whip of electrocution
Armour
 a - a +0 robe (worn)
 l - a +0 ring mail
 u - a +0 helmet (worn)
 v - a +1 pair of boots (worn)
Jewellery
 s - a ring of flight (left hand)
Scrolls
 h - 3 scrolls of amnesia
 o - 2 scrolls of magic mapping {unknown}
 t - a scroll of teleportation
Potions
 b - a potion of magic
 d - a potion of haste {unknown}
 i - 2 potions of resistance {unknown}
 k - a potion of mutation {unknown}
 m - a potion of heal wounds {unknown}
 n - 2 potions of lignification {unknown}
 p - a potion of brilliance {unknown}


   Skills:
 + Level 2.0 Fighting
 + Level 2.0 Short Blades
 + Level 2.0 Long Blades
 + Level 2.0 Axes
 + Level 2.0 Maces & Flails
 + Level 2.0 Polearms
 + Level 2.0 Staves
 + Level 2.0 Ranged Weapons
 + Level 2.0 Throwing
 + Level 2.0 Armour
 + Level 5.0 Dodging
 + Level 4.6 Stealth
 + Level 2.0 Shields
 + Level 2.0 Unarmed Combat
 + Level 5.4 Spellcasting
 + Level 1.6 Conjurations
 + Level 1.6 Hexes
 + Level 7.3 Summonings
 + Level 1.6 Necromancy
 + Level 1.6 Translocations
 + Level 1.6 Transmutations
 + Level 1.6 Fire Magic
 + Level 1.6 Ice Magic
 + Level 1.6 Air Magic
 + Level 1.6 Earth Magic
 + Level 1.6 Poison Magic
 + Level 2.2 Invocations
 + Level 2.0 Evocations


You had 6 spell levels left.
You knew the following spells:

 Your Spells              Type           Power      Damage    Failure   Level
a - Summon Small Mammal   Summ           100%       N/A       1%          1
b - Call Imp              Summ           29%        N/A       1%          2
c - Call Canine Familiar  Summ           29%        N/A       1%          3
d - Summon Guardian Gole  Hex/Summ       19%        N/A       6%          3

Your spell library contained the following spells:

 Spells                   Type           Power      Damage    Failure   Level
 Ensorcelled Hibernation  Hex/Ice        20%        N/A       11%         2
 Conjure Flame            Conj/Fire      10%        6-21      22%         3
 Ignite Poison            Fire/Tmut/Pois 10%        N/A       22%         3
 Spider Form              Tmut/Pois      10%        N/A       22%         3
 Summon Lightning Spire   Summ/Air       19%        N/A       22%         4
 Anguish                  Hex/Necr       5%         N/A       56%         4
 Sticky Flame             Conj/Fire      10%        2d3       56%         4


Dungeon Overview and Level Annotations

Branches:
Dungeon (4/15)             Temple (1/1) D:4

Altars:
Ashenzari
Dithmenos
Elyvilon
Kikubaaqudgha
Makhleb
Nemelex Xobeh
Okawaru
Ru
Sif Muna
Trog
Wu Jian
Zin
The Shining One

Annotations:
D:3 2 transporters


Innate Abilities, Weirdness & Mutations

You have very sharp teeth.
Your uncanny sense of smell can sniff out nearby items.
Your experience applies equally to all skills.


Message History

Flame seeps out of your guardian golem. What are your orders? t - Bark!
Orders for allies: a - Attack new target. r - Retreat! s - Stop attacking. g - Guard the area. f - Follow me.
Anything else - Cancel.
Retreat in which direction?
Press: ? - help, Dir - move target, f - you Fall back!
Your crimson imp disappears in a puff of smoke!
Your guardian golem is engulfed in blazing flames.
Your guardian golem disappears in a puff of smoke!
Your guardian golem explodes!
The fiery explosion engulfs the wight!!
The wight is destroyed!
The wight closely misses you.
Your life force feels restored.
Your Fighting skill increases to level 2!
Your Short Blades skill increases to level 2!
Your Long Blades skill increases to level 2!
Your Axes skill increases to level 2!
Your Maces & Flails skill increases to level 2!
Your Polearms skill increases to level 2!
Your Staves skill increases to level 2!
Your Ranged Weapons skill increases to level 2!
Your Throwing skill increases to level 2!
Your Armour skill increases to level 2!
Your Shields skill increases to level 2!
Your Unarmed Combat skill increases to level 2!
Your Evocations skill increases to level 2!
Casting: Summon Small Mammal (safe; 1% risk of failure)
Confirm with . or Enter, or press ? or * to list all spells.
You don't have enough magic to cast this spell.
You swap places.
The wight hits you with a +0 great sword.
* * * LOW HITPOINT WARNING * * *
You reach down and open the door.
The wight hits you with a +0 great sword!
You die...

###......#######.#.###########
#..............#......... #
#).............########## #
#)..>..........#.. ∆ #
#.......######.#.# ##
#+#.......# #.#.##.#
..........# #r#....#
..........# #.z.§###
..........# #@#.°)#
....).....# #'#?§§#
.<..##.......(......## ....#
.............☼# ...## .....
.......[. ...# #### .......#[#
...# #.#####.#.# ...# #. ..#.#
..$# .. .#


You could see a wight and a friendly rat (summoned).

Vanquished Creatures
  2 dart slugs (D:3)
  4 endoplasms
  A giant cockroach (D:1)
  A goblin (D:1)
  2 hobgoblins (D:3)
  A jackal (D:1)
  A bat (D:1)
  A rat (D:1)
13 creatures vanquished.

Vanquished Creatures (collateral kills)
  An orc wizard (D:4)
  3 adders
  6 dart slugs
  8 orcs
  3 endoplasms
  A giant cockroach (D:1)
  7 goblins
  9 hobgoblins
  7 jackals
  4 ball pythons
  2 bats
  2 frilled lizards (D:2)
  5 kobolds
  5 rats
63 creatures vanquished.

Vanquished Creatures (others)
  3 wights (D:4)
3 creatures vanquished.

Grand Total: 79 creatures vanquished

Notes
Turn   | Place    | Note
-------+----------+-------------------------------------------
     0 | D:1      | gdog the Gnoll Summoner began the quest for the Orb.
     0 | D:1      | Reached XP level 1. HP: 13/13 MP: 6/6
   213 | D:1      | Reached XP level 2. HP: 19/19 MP: 4/7
   586 | D:1      | Learned a level 2 spell: Call Imp
   704 | D:1      | Reached skill level 5 in Spellcasting
   704 | D:1      | Reached XP level 3. HP: 25/25 MP: 6/9
  1170 | D:1      | Reached skill level 1 in Invocations
  1679 | D:2      | Reached skill level 1 in Fighting
  1679 | D:2      | Reached skill level 1 in Short Blades
  1679 | D:2      | Reached skill level 1 in Long Blades
  1679 | D:2      | Reached skill level 1 in Axes
  1679 | D:2      | Reached skill level 1 in Maces & Flails
  1679 | D:2      | Reached skill level 1 in Polearms
  1679 | D:2      | Reached skill level 1 in Staves
  1679 | D:2      | Reached skill level 1 in Ranged Weapons
  1679 | D:2      | Reached skill level 1 in Throwing
  1679 | D:2      | Reached skill level 1 in Armour
  1679 | D:2      | Reached skill level 1 in Shields
  1679 | D:2      | Reached skill level 1 in Unarmed Combat
  1679 | D:2      | Reached skill level 1 in Evocations
  1792 | D:2      | Reached XP level 4. HP: 32/32 MP: 9/11
  1796 | D:2      | Learned a level 3 spell: Call Canine Familiar
  1800 | D:2      | Learned a level 3 spell: Summon Guardian Golem
  2090 | D:2      | Found a faded altar of an unknown god.
  2350 | D:3      | Found a transporter.
  2391 | D:3      | Reached skill level 1 in Conjurations
  2391 | D:3      | Reached skill level 1 in Hexes
  2391 | D:3      | Reached skill level 1 in Necromancy
  2391 | D:3      | Reached skill level 1 in Translocations
  2391 | D:3      | Reached skill level 1 in Transmutations
  2391 | D:3      | Reached skill level 1 in Fire Magic
  2391 | D:3      | Reached skill level 1 in Ice Magic
  2391 | D:3      | Reached skill level 1 in Air Magic
  2391 | D:3      | Reached skill level 1 in Earth Magic
  2391 | D:3      | Reached skill level 1 in Poison Magic
  2492 | D:3      | Found a transporter.
  3147 | D:3      | Found a shadowy altar of Dithmenos.
  3204 | D:3      | Reached XP level 5. HP: 37/37 MP: 9/12
  3482 | D:4      | Found a staircase to the Ecumenical Temple.
  3518 | Temple   | Entered the Ecumenical Temple
  4029 | D:4      | Reached skill level 5 in Dodging
  4029 | D:4      | Reached XP level 6. HP: 44/44 MP: 3/14
  4041 | D:4      | Mangled by a wight

Illustrated notes

Levels and vault maps discovered:
D:1:      wander_arrival_peaceful_grave, layout_loops_corners
D:2:      layout_rooms, hellmonk_ecumenical_altar_inner_sanctum
D:3:      gammafunk_steamed_eel, layout_loops_ring, grunt_dithmenos_smoke
D:4:      layout_basic, overflow_temple_1_default,
          minmay_temple_entry_stoned_glass, ebering_ghost_reflecting_pool,
          amcnicky_mini_pool_small, uniq_sigmund, uniq_pikel
Temple:   minmay_temple_forest_path

Skill      XL: |  1  2  3  4  5  6 |
---------------+-------------------+-----
Spellcasting   | 5 |  5.4
Invocations    | 1 2 |  2.2
Fighting       | 1 2 |  2.0
Short Blades   | 1 2 |  2.0
Long Blades    | 1 2 |  2.0
Axes           | 1 2 |  2.0
Maces & Flails | 1 2 |  2.0
Polearms       | 1 2 |  2.0
Staves         | 1 2 |  2.0
Ranged Weapons | 1 2 |  2.0
Throwing       | 1 2 |  2.0
Armour         | 1 2 |  2.0
Shields        | 1 2 |  2.0
Unarmed Combat | 1 2 |  2.0
Evocations     | 1 2 |  2.0
Conjurations   | 1 |  1.6
Hexes          | 1 |  1.6
Necromancy     | 1 |  1.6
Translocations | 1 |  1.6
Transmutations | 1 |  1.6
Fire Magic     | 1 |  1.6
Ice Magic      | 1 |  1.6
Air Magic      | 1 |  1.6
Earth Magic    | 1 |  1.6
Poison Magic   | 1 |  1.6
Dodging        | 5 |  5.0
Stealth        | |  4.6
Summonings     | |  7.3

Action                   |  1- 3 |  4- 6 || total
-------------------------+-------+-------++-------
Melee: Unarmed           |     4 |       ||     4
       Dagger            |    33 |    11 ||    44
       Trident           |     3 |     7 ||    10
       Bite              |     2 |     5 ||     7
       Punch             |     1 |       ||     1
 Cast: Summon Small Mamm |    48 |    27 ||    75
       Call Imp          |     5 |    11 ||    16
       Call Canine Famil |       |    12 ||    12
       Summon Guardian G |       |     5 ||     5
  Use: Scroll            |       |     5 ||     5
 Stab: Sleeping          |     2 |       ||     2
       Distracted        |     1 |       ||     1
Armor: Robe              |     7 |     1 ||     8
Dodge: Dodged            |    20 |     9 ||    29
